 Dungeon Crawl Stone Soup version 0.23-a0-329-g6f3f904 (webtiles) character file.

48603 tilp the Phalangite (level 14, -7/100 HPs)
             Began as a Merfolk Ice Elementalist on Oct 13, 2018.
             Was an Elder of Makhleb.
             Mangled by an orc knight
             ... wielding a +3 war axe
              (32 damage)
             ... on level 2 of the Orcish Mines on Oct 16, 2018.
             The game lasted 02:01:25 (33554 turns).

tilp the Phalangite (Merfolk Ice Elementalist)     Turns: 33554, Time: 02:01:26

Health: -7/100     AC: 19    Str: 10    XL:     14   Next: 47%
Magic:  20/23      EV: 16    Int: 18    God:    Makhleb [****..]
Gold:   2143       SH:  0    Dex: 14    Spells: 9/29 levels left

rFire    . . .     SeeInvis .   a - +4 bardiche (flame)
rCold    . . .     Gourm    .   (shield currently unavailable)
rNeg     + . .     Faith    .   K - +2 leather armour {rPois}
rPois    +         Spirit   .   p - +1 helmet
rElec    .         Reflect  .   C - +1 cloak
rCorr    .         Harm     .   t - +1 pair of gloves
MR       +....     Clarity  +   u - +1 pair of boots
Stlth    ++........             f - amulet of magic regeneration
HPRegen  0.26/turn              m - ring of wizardry
MPRegen  0.43/turn              g - ring of positive energy

@: icy armour
A: change form in water, swift swim, stealthy swim, blurry vision 1, clarity,
deformed body, low mp 1
a: Minor Destruction, Lesser Servant of Makhleb, Major Destruction, Renounce
Religion


You were on level 2 of the Orcish Mines.
You worshipped Makhleb.
Makhleb was greatly pleased with you.
You were hungry.

You visited 3 branches of the dungeon, and saw 19 of its levels.
You also visited: Labyrinth.

You collected 2269 gold pieces.
You spent 126 gold pieces at shops.

Inventory:

Hand Weapons
 a - a +4 bardiche of flaming (weapon)
Missiles
 Q - 19 javelins of returning (quivered)
Armour
 p - a +1 helmet (worn)
 t - a +1 pair of gloves (worn)
 u - a +1 pair of boots (worn)
 C - a +1 cloak (worn)
 K - a +2 leather armour of poison resistance (worn)
 M - a scarf of repulsion
 O - the +1 ring mail of the Hart {rC+, unknown}
   (You found it on level 6 of the Lair of Beasts)

   It protects you from cold.
 X - a +3 leather armour of cold resistance
 Y - +0 steam dragon scales
Jewellery
 d - an uncursed ring of flight
 f - an amulet of magic regeneration (around neck)
 g - a ring of positive energy (right hand)
 h - an uncursed ring of resist corrosion
 m - a ring of wizardry (left hand)
 s - an uncursed amulet of faith {unknown}
 A - an uncursed ring of fire
 R - the ring "Ackikut" {+Fly rElec rPois rN+ Str-4 Int+2}
   (You found it in a labyrinth)

   [ring of flight]

   It affects your strength (-4).
   It affects your intelligence (+2).
   It insulates you from electricity.
   It protects you from poison.
   It protects you from negative energy.
   It lets you fly.
 T - an uncursed ring of ice
Wands
 x - a wand of polymorph (8)
 y - a wand of digging (19)
 D - a wand of scattershot (5)
 I - a wand of disintegration (12)
 S - a wand of acid (8)
 U - a wand of flame (27)
 V - a wand of enslavement (16)
Scrolls
 k - 7 scrolls of remove curse
 r - 5 scrolls of immolation
 v - 6 scrolls of magic mapping
 z - 6 scrolls of fog
 B - 2 scrolls of fear
 F - 5 scrolls of teleportation
 H - 2 scrolls of amnesia
 W - a scroll of holy word {unknown}
Potions
 e - 3 potions of resistance
 i - 2 potions of haste
 l - 3 potions of mutation
 n - 2 potions of curing
 o - 5 potions of agility
 q - 3 potions of might {unknown}
 w - 2 potions of cancellation
 E - 4 potions of flight
 L - 3 potions of invisibility
 N - a potion of lignification {unknown}
 P - a potion of berserk rage
 Z - a potion of brilliance {unknown}
Comestibles
 c - 11 rations


   Skills:
 - Level 6.1 Fighting
 + Level 21.6 Polearms
 - Level 8.0 Dodging
 - Level 2.1 Stealth
 - Level 8.0 Spellcasting
 - Level 4.0 Conjurations
 - Level 4.0 Charms
 - Level 10.0 Ice Magic
 - Level 5.0 Invocations
 - Level 8.0 Evocations


You had 9 spell levels left.
You knew the following spells:

 Your Spells              Type           Power        Failure   Level  Hunger
a - Freeze                Ice            ####         1%          1    None
b - Throw Frost           Conj/Ice       ####..       1%          2    None
c - Ozocubu's Armour      Chrm/Ice       ####....     1%          3    #......
d - Throw Icicle          Conj/Ice       ####....     3%          4    ###....
e - Regeneration          Chrm/Necr      ##........   7%          3    #......
f - Blink                 Tloc           N/A          9%          2    None
g - Slow                  Hex            #.......     9%          2    None
h - Conjure Flame         Conj/Fire      ##......     7%          3    #......

Your spell library contained the following spells:

 Spells                   Type           Power        Failure   Level  Hunger
 Magic Dart               Conj           ###.         1%          1    None
 Ensorcelled Hibernation  Hex/Ice        ####..       1%          2    None
 Searing Ray              Conj           ###...       1%          2    None
 Corona                   Hex            #......      5%          1    None
 Dazzling Spray           Conj/Hex       ##....       7%          3    #......
 Static Discharge         Conj/Air       ##......     7%          3    #......
 Summon Ice Beast         Ice/Summ       ####....     7%          4    ###....
 Call Imp                 Summ           #.......     9%          2    None
 Corpse Rot               Necr           N/A          9%          2    None
 Mephitic Cloud           Conj/Pois/Air  ##......     9%          3    #......
 Iskenderun's Mystic Bla  Conj           ###.....     10%         4    ###....
 Confuse                  Hex            #.......     16%         3    #......
 Summon Guardian Golem    Hex/Summ       #.......     16%         3    #......
 Tukima's Dance           Hex            #.......     16%         3    #......
 Force Lance              Conj/Tloc      ##......     22%         4    ###....
 Fulminant Prism          Conj/Hex       ##........   22%         4    ###....
 Lightning Bolt           Conj/Air       ##........   52%         5    #####..
 Summon Forest            Summ/Tloc      #.........   78%         5    #####..
 Shadow Creatures         Summ           N/A          100%        6    ######.
 Ignition                 Fire           #.........   100%        8    #######
 Shatter                  Erth           #.........   100%        9    #######
 Tornado                  Air            #.........   100%        9    #######


Dungeon Overview and Level Annotations

Branches:
Dungeon (11/15)            Temple (0/1) D:7            Lair (6/6) D:10
 Shoals (0/4) Lair:4        Snake (0/4) Lair:3        Slime (0/5) Lair:6
    Orc (2/2) D:10            Elf (0/3) Orc:2

Altars:
Dithmenos
Gozag
Makhleb
Ru
Trog
Vehumet
Wu Jian
Xom
Yredelemnul
Zin
Jiyva

Shops:
D:5 [   D:7 *   D:11 [   Orc:2 *

Annotations:
D:8 !2he
Lair:3 Snorg
Lair:4 exclusion: 2 oklob plants
Lair:6 1 runed door


Innate Abilities, Weirdness & Mutations

You revert to your normal form in water.
You are very nimble and swift while swimming.
You are very stealthy in the water. (Stealth+)
Scrolls take you a little longer to read.
You possess an exceptional clarity of mind.
Armour fits poorly on your strangely shaped body.
Your magical capacity is low. (-10% MP)


Message History

The orc knight hits you with a +0 war axe!
Casting: Regeneration (safe; 7% risk of failure)
Confirm with . or Enter, or press ? or * to list all spells.
A film of ice covers your body! The orc knight closely misses you.
You barely miss the orc knight.
The orc knight is heavily wounded.
The orc knight misses you.
The orc knight hits you but does no damage.
You slash the orc knight! You burn the orc knight.
The orc knight is severely wounded.
The orc knight hits you with a +0 war axe!!!
You hit the orc knight. You burn the orc knight.
The orc knight is severely wounded.
The orc knight hits you with a +3 war axe!!
The orc knight hits you but does no damage.
Unknown command.
A demon appears!
You can no longer summon a greater servant of Makhleb.
The orc knight hits you with a +3 war axe!!
You die...

###....###.#.....##
.##.........#...#.##
#.#........#.......#
...................#
#.#.....#####.....###
.#....###..(##....#.##
###.###...(..##.4....##
##.###...ooo..##o##...# ###
#..#.....##....#@o....###.##
#.##..o.# ##.((###....#....#
.##...o. #..(.#.........##
.#÷..o.3 ##...)........###
.#..o.{ #.......#....#.###
.#o...§
###....(..#........## .#
#.#............#....# .#
#.#...........#....## .##
##............)...<##


You could see 2 orc knights and a friendly hellwing.

Vanquished Creatures
  A minotaur (Lab)
  4 hydras
  A catoblepas (Lair:6)
  A two-headed ogre (Orc:1)
  The ghost of mhoghedin the Spear-Bearer, a novice DgFi (Lair:1)
  2 death yaks (Lair:6)
  2 orc high priests (Orc:2)
  A lindwurm (Lair:6)
  5 orc knights
  4 orc sorcerers (Orc:2)
  A manticore (Lair:6)
  6 elephants (Lair:6)
  4 black mambas
  5 spiny frogs
  A torpor snail (Lair:6)
  A gargoyle (D:10)
  4 komodo dragons
  3 rime drakes
  3 trolls
  3 polar bears (Lair:5)
  A hornet (D:11)
  2 dream sheep (Lair:6)
  21 blink frogs
  10 hippogriffs
  A redback (Lab)
  3 wyverns
  21 yaks
  2 basilisks
  A steam dragon (D:3)
  2 hungry ghosts (Lab)
  Edmund (D:6)
  4 wargs
  A soldier ant (D:10)
  11 water moccasins
  3 nagas (Lair:3)
  9 porcupines
  17 orc warriors
  2 ice beasts (D:9)
  7 black bears
  2 sky beasts
  An eye of draining (D:11)
  10 ogres
  A necrophage (D:6)
  A wolf (Lair:6)
  7 centaurs
  11 crocodiles
  Blork the orc (D:6)
  The ghost of coffeespoons the Digger, an amateur GrEE (D:3)
  A big kobold (D:9)
  20 bullfrogs
  A wyvern skeleton (D:11)
  3 scorpions
  6 killer bees
  8 wights
  2 howler monkeys
  3 electric eels (D:10)
  6 crimson imps
  3 bullfrog zombies
  2 centaur skeletons
  3 hounds
  10 orc priests
  Crazy Yiuf (D:6)
  A jelly (D:7)
  A bullfrog skeleton (D:5)
  16 orc wizards
  2 iguanas
  11 worker ants
  A killer bee zombie (D:10)
  A hound zombie (D:11)
  7 gnolls
  14 adders
  3 river rats (D:3)
  2 shadow imps
  2 oozes (D:2)
  An adder skeleton (D:7)
  6 worms
  2 dart slugs (D:1)
  A leopard gecko (D:7)
  58 orcs
  5 ball pythons
  11 bats
  7 giant cockroaches
  11 goblins
  5 hobgoblins
  2 jackals (D:2)
  10 kobolds
  4 quokkas
  7 frilled lizards
  9 rats
476 creatures vanquished.

Vanquished Creatures (collateral kills)
  Snorg (Lair:3)
  Fannar (D:10)
  4 hydras
  A death yak (Lair:6)
  An orc high priest (Orc:1)
  A manticore (Lair:6)
  A spiny frog (Lair:4)
  A snapping turtle (Lair:4)
  4 blink frogs (Lair:4)
  3 yaks (Lair:4)
  A basilisk (Lair:4)
  A water moccasin (Lair:4)
  An orc warrior (Orc:1)
  A crocodile (Lair:4)
  A bullfrog (Lair:4)
  A fungus (Lair:4)
  A plant (D:10)
25 creatures vanquished.

Vanquished Creatures (others)
  An orc priest (Orc:2)
  An orc wizard (Orc:2)
  An orc (Orc:1)
  A hobgoblin (D:3)
  37 fungi
  11 plants
52 creatures vanquished.

Grand Total: 553 creatures vanquished

Notes
Turn   | Place    | Note
-------+----------+-------------------------------------------
     0 | D:1      | tilp the Merfolk Ice Elementalist began the quest for the
                  | Orb.
     0 | D:1      | Reached XP level 1. HP: 13/13 MP: 3/3
   188 | D:1      | Reached XP level 2. HP: 19/19 MP: 1/5
   192 | D:1      | Learned a level 2 spell: Throw Frost
  1011 | D:1      | Reached XP level 3. HP: 19/24 MP: 3/6
  1016 | D:1      | Learned a level 3 spell: Ozocubu's Armour
  1595 | D:2      | Reached skill level 5 in Ice Magic
  1631 | D:2      | Found a radiant altar of Vehumet.
  1732 | D:2      | Reached XP level 4. HP: 17/30 MP: 7/7
  2372 | D:3      | Found a bloodstained altar of Trog.
  2416 | D:3      | Reached XP level 5. HP: 35/35 MP: 8/8
  2585 | D:3      | Found an opulent altar of Gozag.
  2588 | D:3      | Found a sacrificial altar of Ru.
  2688 | D:3      | Reached skill level 1 in Fighting
  2699 | D:3      | Found a glowing drain.
  2921 | D:3      | Found a runed gate.
  2921 | D:3      | Found a runed gate.
  2922 | D:3      | Found a runed gate.
  2929 | D:3      | Noticed coffeespoons's ghost (amateur GrEE)
  2935 | D:3      | Noticed a steam dragon
  3389 | D:3      | Reached XP level 6. HP: 45/45 MP: 5/9
  3604 | D:3      | Gained mutation: You possess an exceptional clarity of
                  | mind. [mutagenic glow]
  3625 | D:3      | Gained mutation: Your magical capacity is low. (-10% MP)
                  | [mutagenic glow]
  4153 | D:4      | Reached skill level 5 in Dodging
  4442 | D:4      | Reached XP level 7. HP: 29/53 MP: 0/9
  5171 | D:5      | Entered Level 5 of the Dungeon
  5196 | D:5      | Learned a level 3 spell: Conjure Flame
  5340 | D:5      | Found Bizu's Armour Shoppe.
  5352 | D:5      | Reached skill level 1 in Conjurations
  5352 | D:5      | Reached skill level 1 in Charms
  5650 | D:5      | Bought a +0 helmet for 63 gold pieces
  5650 | D:5      | Bought a +0 pair of gloves for 63 gold pieces
  5850 | D:5      | Reached XP level 8. HP: 58/60 MP: 3/11
  6086 | D:5      | Found a burning altar of Makhleb.
  6096 | D:5      | Became a worshipper of Makhleb the Destroyer
  6219 | D:5      | Learned a level 4 spell: Throw Icicle
  7106 | D:6      | Noticed Edmund
  7185 | D:6      | Noticed Blork the orc
  7360 | D:6      | Found a runed door.
  7703 | D:7      | Reached skill level 5 in Spellcasting
  7703 | D:7      | Reached XP level 9. HP: 52/64 MP: 11/15
  7705 | D:7      | Found a glowing silver altar of Zin.
  7705 | D:7      | Found Zin's Purification Station.
  7822 | D:7      | Found a shadowy altar of Dithmenos.
  8395 | D:7      | Reached * piety under Makhleb
  8395 | D:7      | Reached skill level 1 in Invocations
  8460 | D:7      | Reached skill level 1 in Evocations
  8870 | D:7      | Learned a level 2 spell: Blink
  8873 | D:7      | Learned a level 2 spell: Slow
  9004 | D:7      | Found a staircase to the Ecumenical Temple.
  9279 | D:8      | Upgraded the game from 0.23-a0-315-ga85b81c to
                  | 0.23-a0-319-gb40ba49
  9490 | D:8      | Noticed a two-headed ogre
  9496 | D:8      | Noticed a troll
 10146 | D:8      | Got a scorched plate armour
 10287 | D:8      | Killed a troll
 10287 | D:8      | Reached skill level 5 in Invocations
 10287 | D:8      | Reached XP level 10. HP: 21/70 MP: 3/18
 10626 | D:8      | Found a basalt altar of Yredelemnul.
 11263 | D:9      | Reached skill level 5 in Evocations
 11598 | D:9      | Found a shadowy altar of Dithmenos.
 12036 | D:9      | Found an ornate altar of the Wu Jian Council.
 12528 | D:10     | Entered Level 10 of the Dungeon
 12528 | D:10     | Found a staircase to the Orcish Mines.
 12598 | D:10     | Noticed Fannar
 12599 | D:10     | Upgraded the game from 0.23-a0-319-gb40ba49 to
                  | 0.23-a0-321-g6bcb69f
 12659 | D:9      | Reached ** piety under Makhleb
 13797 | D:10     | Found a staircase to the Lair.
 14016 | D:10     | Reached skill level 10 in Ice Magic
 14016 | D:10     | Reached XP level 11. HP: 40/76 MP: 12/20
 14286 | D:10     | Reached skill level 5 in Fighting
 15793 | Lair:1   | Entered Level 1 of the Lair of Beasts
 15800 | Lair:1   | Noticed a seven-headed hydra
 15844 | Lair:1   | Found a labyrinth entrance.
 15868 | Lab      | Entered a labyrinth
 16198 | Lab      | Noticed a minotaur
 16275 | Lab      | Killed a minotaur
 16275 | Lab      | Reached skill level 3 in Polearms
 16293 | Lab      | Identified Ugul Cast's Almanac of Supportive Necromancy
 16294 | Lab      | Got a vibrating silver ring
 16295 | Lab      | Got an ichor-stained chain mail
 16601 | Lair:1   | Learned a level 3 spell: Regeneration
 16705 | Lair:1   | Found a shimmering altar of Xom.
 16894 | Lair:1   | Found a runed door.
 16894 | Lair:1   | Noticed mhoghedin's ghost (novice DgFi)
 16929 | Lair:1   | Reached skill level 4 in Polearms
 17708 | Lair:2   | Reached skill level 5 in Polearms
 18484 | Lair:3   | Reached skill level 6 in Polearms
 18691 | Lair:3   | Noticed a five-headed hydra
 18700 | Lair:3   | Killed a five-headed hydra
 18955 | Lair:3   | Noticed Snorg
 18991 | Lair:3   | Killed Snorg
 18991 | Lair:3   | Reached skill level 7 in Polearms
 19190 | Lair:3   | Reached *** piety under Makhleb
 19282 | Lair:3   | Found a staircase to the Snake Pit.
 19479 | Lair:3   | Reached XP level 12. HP: 87/87 MP: 5/21
 19834 | Lair:4   | Reached skill level 8 in Polearms
 20199 | Lair:4   | Found a staircase to the Shoals.
 20212 | Lair:4   | Reached skill level 9 in Polearms
 20345 | Lair:4   | Noticed a five-headed hydra
 20365 | Lair:4   | Killed a five-headed hydra
 20371 | Lair:4   | Reached skill level 10 in Polearms
 20636 | Lair:4   | Got a faintly glowing trident
 20639 | Lair:4   | Identified the +1 trident of Articulation {protect, rF- MR+
                  | Str+3} (You found it on level 4 of the Lair of Beasts)
 21015 | Lair:4   | Reached skill level 11 in Polearms
 21152 | Lair:4   | Noticed an eight-headed hydra
 21153 | Lair:4   | Upgraded the game from 0.23-a0-321-g6bcb69f to
                  | 0.23-a0-329-g6f3f904
 21191 | Lair:4   | Killed an eight-headed hydra
 21881 | D:3      | Killed coffeespoons's ghost
 21881 | D:3      | Reached skill level 12 in Polearms
 21902 | D:3      | Identified the ring "Ackikut" {+Fly rElec rPois rN+ Str-4
                  | Int+2} (You found it in a labyrinth)
 21988 | D:6      | Noticed Crazy Yiuf
 21992 | D:6      | Killed Crazy Yiuf
 22102 | D:6      | Killed Blork the orc
 22202 | D:6      | Killed Edmund
 22460 | D:10     | Killed Fannar
 22841 | Lair:4   | Reached skill level 13 in Polearms
 23590 | Lair:4   | Reached skill level 14 in Polearms
 23618 | Lair:4   | Identified a scroll of acquirement
 23726 | Lair:5   | Noticed a five-headed hydra
 23745 | Lair:4   | Killed a five-headed hydra
 24223 | Lair:4   | Reached skill level 15 in Polearms
 24223 | Lair:4   | Reached XP level 13. HP: 58/93 MP: 0/22
 24684 | Lair:5   | Identified the +4 chain mail "Biko" {MR++} (You found it in
                  | a labyrinth)
 25239 | Lair:6   | Entered Level 6 of the Lair of Beasts
 25327 | Lair:6   | Reached skill level 16 in Polearms
 26159 | Lair:6   | Found a runed door.
 26159 | Lair:6   | Found a viscous altar of Jiyva.
 26159 | Lair:6   | Noticed an azure jelly
 26162 | Lair:6   | Noticed an azure jelly
 26163 | Lair:6   | Found a staircase to the Slime Pits.
 26163 | Lair:6   | Noticed an azure jelly
 26361 | Lair:6   | Reached skill level 17 in Polearms
 27268 | Lair:6   | Got an ichor-stained ring mail
 27392 | Lair:6   | Reached skill level 18 in Polearms
 27781 | Lair:6   | Reached skill level 19 in Polearms
 28060 | Lair:6   | Got a faintly glowing battleaxe
 28246 | Lair:1   | Killed mhoghedin's ghost
 28530 | D:11     | Reached XP level 14. HP: 100/100 MP: 23/23
 28554 | D:11     | Reached **** piety under Makhleb
 28699 | D:11     | Found Woasmauw's Antique Armour Shoppe.
 28774 | D:11     | Reached skill level 20 in Polearms
 29003 | Orc:1    | Entered Level 1 of the Orcish Mines
 29116 | Orc:2    | Entered Level 2 of the Orcish Mines
 29116 | Orc:2    | Found a staircase to the Elven Halls.
 30380 | Orc:1    | HP: 4/100 [two-headed ogre/cursed -1 giant club (15)]
 31533 | Orc:2    | Reached skill level 21 in Polearms
 31536 | Orc:2    | Found Tacseor's Assorted Antiques.
 32815 | Orc:2    | Reached ***** piety under Makhleb
 33087 | Orc:2    | Gained mutation: Armour fits poorly on your strangely
                  | shaped body. [a neqoxec]
 33092 | Orc:2    | Gained mutation: Scrolls take you a little longer to read.
                  | [a neqoxec]
 33554 | Orc:2    | Mangled by an orc knight

Vault maps used:
D:1:      doesnt_arrival_eight_statues
D:2:      vehumet_crystals
D:3:      minitemple, lightli_temple_of_fire, portal_sewer_entry_e,
          gammafunk_ghost_split
D:4:      first_ration
D:5:      makhleb_grotto_becter, serial_shops, nicolae_shop_window_shopping
D:6:      uniq_edmund, uniq_crazy_yiuf_cottage, uniq_blork_the_orc
D:7:      zin_purify, minmay_temple_entry_butterflies,
          nicolae_dithmenos_through_a_glass_darkly
D:8:      basic_altar
D:9:      nicolae_overflow_hidden_temple, lemuel_coloured_pillars_altar
D:10:     due_lair_maze_entry_diamond, orc_0_dummy, uniq_fannar
D:11:     serial_shops, shop
Lair:1:   portal_ice_cave_entry_pillars_2, lab_entry_generic, basic_altar,
          hellmonk_ghost_happy_afterlife
Lair:2:   grunt_megastairs_3
Lair:3:   guppyfry_snake_entry_garden, serial_bayou_shore_b, uniq_snorg
Lair:4:   minmay_shoals_entry_hut, minmay_holes, minmay_lair_oklob_chamber,
          infiniplex_staircase_pool, lemuel_fruit_fields, lemuel_fruit_fields
Lair:5:   lemuel_fruit_fields, serial_bayou_shore_b
Lair:6:   hangedman_lair_in_review, slime_altar_2, chequers_serial_rivers_room_a
Orc:2:    grunt_orc_tribal_feast, serial_shops,
          nicolae_shop_competitors_out_of_business, guppyfry_library_mini
Lab:      labyrinth_mini_lab, nicolae_lab_big_swirl

Skill      XL: |  1  2  3  4  5  6  7  8  9 10 11 12 13 14 |
---------------+-------------------------------------------+-----
Ice Magic      | 4 5 6 10 | 10.0
Dodging        | 4 5 6 8 |  8.0
Fighting       | 2 3 4 6 |  6.1
Conjurations   | 2 4 |  4.0
Charms         | 2 4 |  4.0
Spellcasting   | 3 5 6 8 |  8.0
Invocations    | 5 |  5.0
Evocations     | 4 5 7 8 |  8.0
Polearms       | 7 15 19 21 | 21.6
Stealth        | |  2.1

Action                   |  1- 3 |  4- 6 |  7- 9 | 10-12 | 13-15 || total
-------------------------+-------+-------+-------+-------+-------++-------
Melee: Spear             |    20 |       |       |       |       ||    20
       Unarmed           |     1 |       |       |       |       ||     1
       Short sword       |    24 |   164 |   315 |   480 |       ||   983
       Halberd           |       |       |       |   170 |   187 ||   357
       Trident           |       |       |       |   125 |       ||   125
       Bardiche          |       |       |       |       |   417 ||   417
Throw: Stone             |       |     1 |       |       |       ||     1
       Javelin           |       |       |     2 |    20 |    10 ||    32
       Tomahawk          |       |       |       |     2 |       ||     2
 Cast: Freeze            |    43 |    32 |    82 |   182 |    69 ||   408
       Throw Frost       |       |     8 |    34 |    53 |    43 ||   138
       Ozocubu's Armour  |       |    10 |    25 |    85 |    74 ||   194
       Throw Icicle      |       |       |     4 |    71 |    42 ||   117
       Conjure Flame     |       |       |       |    19 |    17 ||    36
       Regeneration      |       |       |       |    16 |    36 ||    52
Invok: Lesser Servant of |       |       |       |    10 |     9 ||    19
Evoke: Wand              |       |       |       |     5 |     1 ||     6
       Sack of spiders   |       |       |       |     3 |       ||     3
       Box of beasts     |       |       |       |     1 |       ||     1
       Phantom mirror    |       |       |       |     1 |       ||     1
  Use: Scroll            |     2 |     8 |    10 |    13 |     4 ||    37
       Potion            |       |     2 |     2 |     4 |     8 ||    16
 Stab: Sleeping          |     6 |    10 |     5 |     2 |     3 ||    26
       Distracted        |       |     1 |       |     2 |     1 ||     4
       Invisible         |       |       |       |     1 |       ||     1
       Petrified         |       |       |       |       |     3 ||     3
       Petrifying        |       |       |       |       |     1 ||     1
  Eat: Chunk             |     3 |    11 |     5 |    39 |    33 ||    91
       Ration            |       |       |     5 |     8 |     1 ||    14
Armor: Robe              |    14 |    15 |       |       |       ||    29
       Leather armour    |       |    34 |   118 |   456 |   250 ||   858
Dodge: Dodged            |    43 |   144 |   315 |   841 |   535 ||  1878
       Deflected         |       |       |       |     9 |       ||     9

Table legend:
 A = Non-vault XP
 B = Vault XP
 C = Vault XP percentage of total XP
 D = Non-vault monster count
 E = Vault monster count
 F = Vault count percentage of total count
                 A         B        C        D         E       F
            +---------+---------+-------+---------+---------+-------
      Total |   46037 |   23397 |  33.7 |     404 |      95 |  19.0
            +---------+---------+-------+---------+---------+-------
        D:1 |      40 |       0 |   0.0 |      23 |       0 |   0.0
        D:2 |     107 |       0 |   0.0 |      29 |       0 |   0.0
        D:3 |     155 |     279 |  64.3 |      27 |      11 |  28.9
        D:4 |     356 |       0 |   0.0 |      12 |       0 |   0.0
        D:5 |     857 |      50 |   5.5 |      15 |       1 |   6.2
        D:6 |     696 |     308 |  30.7 |      17 |       3 |  15.0
        D:7 |    1245 |       0 |   0.0 |      22 |       0 |   0.0
        D:8 |    1544 |       0 |   0.0 |      15 |       0 |   0.0
        D:9 |    3176 |       0 |   0.0 |      34 |       0 |   0.0
       D:10 |    2985 |    1463 |  32.9 |      24 |       9 |  27.3
       D:11 |    2953 |     128 |   4.2 |      38 |       1 |   2.6
     Lair:1 |    2165 |     855 |  28.3 |       8 |       1 |  11.1
     Lair:2 |     956 |     557 |  36.8 |       6 |       2 |  25.0
     Lair:3 |    1284 |    1291 |  50.1 |       5 |       4 |  44.4
     Lair:4 |    9336 |    1519 |  14.0 |      38 |       5 |  11.6
     Lair:5 |    3912 |       0 |   0.0 |      17 |       0 |   0.0
     Lair:6 |    7700 |    9565 |  55.4 |      23 |      21 |  47.7
      Orc:1 |    4831 |     988 |  17.0 |      31 |       7 |  18.4
      Orc:2 |    1739 |    4876 |  73.7 |      20 |      26 |  56.5
        Lab |       0 |    1518 | 100.0 |       0 |       4 | 100.0
            +---------+---------+-------+---------+---------+-------
